Map: Kairos Junction LE

Players

Mez - Winner!

  • Race: Terran Terran
  • League: Master
  • Spawn Location: 5:00

potato

  • Race: Protoss Protoss
  • League: Diamond
  • Spawn Location: 11:00

VOD

Have the link to the VOD?

Description

Time

  • Played on: Aug. 19, 2019, 12:16 p.m.
  • Length: 18:22
Show
View Real Time Build Order
Export as new Build Order

Mez Terran - Winner!

Build Orders: Reaper Expand 

Get SALT Encoding   

  12  0:01  SCV  
  13  0:13  SCV  
  14  0:17  Supply Depot  
  14  0:25  SCV  
  15  0:39  SCV  
  15  0:40  Barracks  
  16  0:44  Refinery  
  16  0:51  SCV  
  17  1:03  SCV  
  18  1:15  SCV  
  19  1:29  Reaper, Orbital Command  
  20  1:40  Command Center  
  20  1:49  Bunker  
  20  1:55  SCV  
  20  1:58  Supply Depot  
  21  2:01  Marine  
  21  2:07  SCV  
  23  2:20  SCV  
  23  2:21  Barracks Reactor  
  24  2:34  Command Center  
  24  2:41  SCV  
  25  2:47  Factory  
  25  2:53  Orbital Command  
  25  2:57  SCV  
  26  2:59  Marine x2  
  28  3:13  SCV  
  29  3:20  SCV  
  29  3:21  Refinery, Marine  
  29  3:22  Marine  
  32  3:28  SCV  
  32  3:32  Widow Mine, SCV  
  36  3:34  Starport  
  36  3:38  Refinery  
  36  3:39  Marine  
  36  3:40  SCV  
  38  3:43  Marine  
  38  3:44  SCV  
  38  3:57  Marine  
  38  3:59  SCV  
  37  4:08  SCV x2  
  39  4:10  Widow Mine  
  39  4:11  SCV  
  39  4:15  Marine x2  
  43  4:20  SCV  
  43  4:23  Orbital Command  
  38  4:33  Marine x2  
  40  4:40  Factory Tech Lab  
  40  4:42  SCV x2  
  42  4:54  SCV  
  42  4:55  SCV  
  42  4:56  Starport Tech Lab  
  42  4:57  Marine x2  
  42  4:59  Cyclone  
  49  5:03  SCV  
  49  5:07  SCV  
  51  5:08  SCV  
  51  5:11  Barracks  
  52  5:15  SCV  
  52  5:17  Marine  
  54  5:22  Marine  
  54  5:23  Raven  
  54  5:25  SCV x2  
  54  5:28  SCV, Barracks  
  60  5:32  Supply Depot  
  60  5:37  SCV  
  61  5:44  Engineering Bay x2  
  61  5:51  Supply Depot, Factory Reactor  
  61  5:53  Marine x2  
  61  5:54  SCV x3  
  66  6:02  Refinery  
  66  6:06  SCV x3  
  66  6:10  Stimpack  
  69  6:13  Supply Depot  
  69  6:15  Terran Infantry Armor Level 1, Terran Infantry Weapons Level 1, Supply Depot  
  69  6:17  Starport Reactor  
  69  6:18  SCV x3  
  72  6:26  Marauder x2  
  72  6:27  Marine  
  72  6:28  Combat Shield  
  77  6:35  SCV x2, Marine  
  77  6:36  Widow Mine x2  
  77  6:38  Orbital Command  
  84  6:50  Supply Depot  
  84  6:56  Barracks  
  84  6:57  Barracks  
  84  7:06  Medivac x2  
  85  7:10  Orbital Command  
  85  7:11  Marine x2  
  85  7:12  Marauder x2  
  85  7:15  Widow Mine x2  
  95  7:17  SCV x2  
  97  7:29  SCV x2  
  99  7:30  Armory  
  99  7:36  Supply Depot  
  94  7:38  Supply Depot  
  93  7:45  Marine x2, Marauder x2  
  93  7:47  SCV x2  
  93  7:50  Supply Depot  
  100  7:52  SCV  
  100  7:57  Medivac x2  
  100  7:58  Widow Mine x2  
  109  7:59  Barracks Reactor, Barracks Tech Lab  
  109  8:00  Concussive Shells  
  109  8:07  Supply Depot  
  109  8:12  SCV x2, Marine x2, Marauder x2  
  117  8:23  Supply Depot  
  117  8:26  Supply Depot  
  117  8:28  SCV x3, Marine  
  117  8:29  Marine  
  117  8:30  Marine  
  117  8:34  Marauder  
  125  8:45  Marine x2, Marauder  
  125  8:46  Widow Mine x2  
  125  8:48  Marine x2, Ghost Academy, Marauder  
  136  9:08  Marine x2, Marauder x2  
  141  9:13  Marine  
  140  9:22  Widow Mine  
  140  9:23  Reaper  
  141  9:27  Marauder  
  141  9:28  Liberator x2  
  141  9:29  Widow Mine  
  133  9:31  Marine  
  133  9:32  Marine x2, Marauder x2  
  135  9:47  Barracks  
  135  9:48  Barracks  
  135  9:50  Barracks, Starport  
  141  10:00  Ghost x2  
  141  10:12  Supply Depot x2  
  141  10:13  Supply Depot  
  141  10:14  Supply Depot  
  141  10:20  Marine, Marauder  
  141  10:21  Marine  
  141  10:30  Marine x2  
  141  10:34  Viking x2, Marauder  
  145  10:35  Viking  
  145  10:39  Marine  
  148  10:45  SCV x3  
  148  10:49  Terran Infantry Weapons Level 2  
  149  10:51  Refinery  
  149  10:52  Refinery  
  149  10:53  Command Center  
  149  10:57  SCV x3  
  149  11:04  Viking  
  154  11:06  Viking  
  154  11:07  Viking  
  154  11:08  Marine x3, Marauder  
  154  11:09  SCV x3, Marine  
  163  11:21  SCV x3  
  164  11:27  Liberator x2  
  159  11:33  SCV  
  159  11:34  Viking  
  159  11:37  Marine x3, Marauder x3  
  159  11:38  Widow Mine x2  
  138  11:52  Marine  
  135  11:55  Marine, Barracks Tech Lab x3  
  117  12:02  Marine  
  117  12:03  Marine x2  
  107  12:09  Marine x2  
  107  12:10  Marine  
  107  12:13  Marine  
  94  12:19  Marine x3  
  94  12:20  Marine x2  
  91  12:24  Marine  
  91  12:27  Marine x2  
  91  12:28  Marine  
  85  12:30  Medivac x3  
  91  12:39  Marine x3, Marauder x3  
  91  12:42  Marine  
  98  12:45  Marine  
  99  12:54  Widow Mine x2  
  103  13:00  Medivac  
  103  13:01  Ghost  
  103  13:02  Marine x4, Marauder  
  103  13:03  Marine, Marauder x3  
  120  13:10  Orbital Command  
  120  13:34  SCV x2  
  120  13:38  SCV  
  120  13:41  Medivac x3  
  127  13:42  Marine x2  
  127  13:43  Marine x8  
  127  13:46  SCV x2  
  142  14:00  Marine  
  142  14:02  Liberator x3  
  139  14:27  Marine x8  
  139  14:30  Ghost  
  137  14:54  Marauder  
  113  15:01  Marine x4  
  113  15:02  Marine x2  
  81  15:14  Orbital Command  
  79  15:29  Marine x3  
  79  15:30  Marine x4  
  79  15:50  Marine  
  79  15:51  Marine x4  
  84  15:58  SCV x2  
  86  16:08  Marine x5  
  75  16:26  Marine x10  
  75  16:27  Liberator x2  
  75  16:28  Liberator  
  82  16:55  Ghost x2  
  82  16:57  Marine x5  
  91  17:13  Ghost x2  
  91  17:14  Orbital Command  
  91  17:15  Liberator x2  
  95  17:33  Marine x2, Marauder  
  95  17:34  Marauder  
  107  17:38  SCV  
  107  17:39  SCV  
  112  17:58  Marine x5  
  112  17:59  Marine x2  
Show
View Real Time Build Order
Export as new Build Order

potato Protoss 

Build Orders: 1 Gate Expand, Oracle Opening, Chargelot Immortal 

Get SALT Encoding   

  12  0:01  Probe  
  13  0:13  Probe  
  14  0:18  Pylon  
  14  0:25  Probe  
  15  0:34  Probe  
  15  0:36  Gateway  
  15  0:42  Probe  
  16  0:45  Assimilator  
  17  0:52  Probe  
  18  1:05  Probe  
  19  1:22  Nexus  
  19  1:32  Cybernetics Core, Probe  
  20  1:41  Probe  
  20  1:42  Assimilator  
  21  1:52  Probe  
  22  1:57  Pylon  
  22  2:05  Adept  
  22  2:06  Probe  
  23  2:10  Warp Gate  
  25  2:22  Stargate  
  25  2:29  Probe  
  25  2:48  Probe  
  26  2:51  Probe  
  26  2:56  Adept, Probe  
  29  3:03  Probe  
  31  3:05  Probe, Oracle  
  32  3:15  Probe  
  32  3:18  Probe  
  37  3:22  Gateway  
  37  3:27  Probe  
  37  3:30  Probe  
  37  3:33  Oracle  
  39  3:39  Probe  
  40  3:42  Probe  
  44  3:52  Probe  
  44  3:54  Probe  
  46  4:14  Pylon  
  46  4:25  Nexus  
  46  4:29  Probe  
  46  4:32  Probe  
  46  4:35  Sentry  
  46  4:37  Probe  
  46  4:38  Robotics Facility  
  50  4:41  Forge  
  50  4:43  Gateway  
  50  4:44  Probe  
  52  4:46  Probe  
  52  4:47  Pylon  
  52  4:51  Pylon  
  53  4:56  Probe  
  54  5:01  Pylon  
  54  5:05  Sentry, Probe, Phoenix  
  54  5:06  Adept  
  61  5:08  Probe  
  61  5:10  Assimilator  
  61  5:12  Assimilator  
  61  5:14  Immortal, Protoss Ground Weapons Level 1, Pylon  
  62  5:17  Probe  
  62  5:21  Probe  
  68  5:29  Probe  
  68  5:33  Probe  
  70  5:41  Immortal, Probe  
  71  5:45  Probe  
  71  5:47  Probe  
  73  5:53  Probe  
  78  5:57  Probe  
  78  5:59  Probe  
  78  6:00  Twilight Council  
  78  6:03  Gateway  
  80  6:05  Probe, Gateway  
  80  6:06  Gateway  
  80  6:09  Probe  
  82  6:13  Pylon  
  82  6:14  Probe  
  82  6:16  Charge  
  82  6:17  Probe  
  84  6:23  Phoenix  
  86  6:30  Probe x2  
  86  6:31  Stalker  
  86  6:32  Stalker x2  
  94  6:37  Probe  
  95  6:40  Observer, Pylon  
  95  6:42  Probe  
  94  6:53  Immortal  
  94  7:01  Probe  
  94  7:02  Probe  
  94  7:06  Zealot  
  94  7:07  Zealot x5  
  112  7:12  Assimilator  
  112  7:14  Assimilator  
  112  7:16  Pylon  
  112  7:17  Templar Archives  
  112  7:18  Photon Cannon, Pylon  
  112  7:19  Photon Cannon, Pylon  
  112  7:22  Pylon  
  112  7:24  Warp Prism  
  109  7:48  Zealot x6  
  121  7:51  Probe x2  
  121  7:53  Robotics Facility  
  121  7:56  Psionic Storm  
  121  7:57  Pylon  
  123  7:59  Immortal, Pylon  
  123  8:02  Pylon  
  127  8:11  High Templar x2  
  131  8:15  Zealot x4  
  139  8:26  Pylon  
  139  8:33  Pylon  
  137  8:36  High Templar  
  137  8:37  High Templar  
  137  8:38  Zealot x2  
  145  8:42  Photon Cannon  
  145  8:44  Photon Cannon  
  145  8:47  Photon Cannon  
  145  8:48  Nexus  
  145  8:50  Pylon  
  137  9:03  Zealot x3  
  137  9:04  Zealot  
  141  9:10  Immortal  
  135  9:17  Zealot x2  
  127  9:26  Zealot x3  
  125  9:36  Forge  
  125  9:37  Probe x2  
  118  9:40  Immortal  
  118  9:43  High Templar x2  
  118  9:44  Probe  
  117  9:49  Probe  
  116  10:05  Warp Prism  
  118  10:08  High Templar x2  
  118  10:09  High Templar, Protoss Ground Weapons Level 2  
  124  10:15  Gateway  
  124  10:17  Gateway  
  124  10:18  Gateway  
  124  10:20  Immortal  
  124  10:27  Archon  
  128  10:32  Probe  
  115  10:36  Immortal, Probe x2  
  115  10:37  Blink  
  115  10:41  Probe  
  118  10:43  Zealot x3  
  118  10:44  Zealot x2  
  118  10:48  Probe  
  134  10:50  Probe x2, Pylon  
  134  10:52  Pylon  
  134  10:53  Probe  
  137  11:00  Probe  
  137  11:02  Probe  
  139  11:05  Assimilator  
  139  11:08  Pylon  
  139  11:10  Pylon  
  139  11:12  High Templar x5  
  139  11:16  Archon  
  139  11:17  Archon  
  124  11:37  Warp Prism  
  111  11:45  Zealot x3  
  111  11:46  Zealot x5  
  121  11:48  Probe x2  
  121  11:53  Probe  
  121  11:54  Probe  
  117  12:00  Probe  
  108  12:10  Probe x3  
  108  12:12  Stalker x2, Probe  
  108  12:14  Immortal x2  
  112  12:23  Stalker x2  
  112  12:26  Probe  
  112  12:27  Probe  
  109  12:43  Probe x4  
  110  12:49  High Templar x6  
  122  12:53  Probe x2  
  122  12:54  Archon x2  
  122  12:55  Probe x2  
  126  13:01  Probe  
  127  13:07  Probe  
  127  13:18  Stalker  
  127  13:19  Stalker  
  131  13:24  Probe x2  
  127  13:35  Photon Cannon  
  127  13:37  Photon Cannon  
  127  13:39  High Templar  
  127  13:40  High Templar x4  
  137  13:41  Zealot x2  
  137  13:44  Probe x2  
  143  13:49  Photon Cannon  
  143  13:50  Archon  
  143  13:51  Archon  
  143  14:05  Probe x2  
  139  14:16  High Templar x4  
  147  14:17  Zealot x2  
  147  14:18  Zealot x2  
  147  14:20  Archon  
  147  14:21  Archon  
  155  14:46  Stalker x4  
  121  15:02  Zealot x4  
  121  15:04  Immortal x2  
  91  15:21  High Templar  
  91  15:22  High Templar x3  
  91  15:24  Zealot x4  
  107  15:37  Assimilator  
  97  15:47  Archon x2, Nexus  
  86  15:53  High Templar x3  
  86  15:54  Stalker  
  86  15:55  Stalker  
  93  16:05  Stalker x2  
  93  16:07  Zealot  
  61  16:42  High Templar x2  
  61  16:44  Zealot x6  
  61  16:45  Probe  
  78  17:10  High Templar x2  
  78  17:12  Stalker x2  
  78  17:14  Stalker  
  78  17:34  Zealot x3  
  84  17:38  Stalker x2  
  84  17:43  Stalker  
  90  17:49  High Templar  
  92  17:58  Archon  
  82  18:06  High Templar  
  82  18:07  Zealot x3  
  82  18:08  Zealot  
  92  18:16  Archon  
Tags
 
Add a new tag
Caveats
  • Supply blocks, unpowered buildings, or Contaminate may cause inaccurate times.
  • Supply counts are checked every 10 seconds.